 Dungeon Crawl Stone Soup version 0.27-a0-550-ge92ec0ca06 (webtiles) character file.

Game seed: 16317562494320345468

186 gruber the Skirmisher (level 5, -2/57 HPs)
             Began as an Ogre Warper on Mar 7, 2021.
             Slain by Grinder (6 damage)
             ... on level 3 of the Dungeon.
             The game lasted 00:02:34 (3995 turns).

gruber the Skirmisher (Ogre Warper)                 Turns: 3995, Time: 00:02:35

Health: -2/57      AC:  4    Str: 16    XL:     5   Next: 65%
Magic:  8/8        EV:  9    Int: 14    God:
Gold:   88         SH:  4    Dex:  8    Spells: 8/8 levels left

rFire    . . .     SeeInvis .   n - +0 whip (freeze)
rCold    . . .     Faith    .   (no shield)
rNeg     . . .     Spirit   .   b - +0 robe
rPois    .         Reflect  .   (helmet restricted)
rElec    .         Harm     .   o - +0 cloak
rCorr    .         Rampage  .   (gloves unavailable)
Will     .....                  (boots unavailable)
Stlth    +.........             l - amulet of magic regeneration
HPRegen  0.00/turn              (no ring)
MPRegen  0.36/turn              (no ring)

@: hasted, very quick
A: large, unfitting armour, large bone plates 1, sense surroundings 1, inhibited
regeneration, tough skin 1
a: no special abilities


You were on level 3 of the Dungeon.
You visited 1 branch of the dungeon, and saw 3 of its levels.

You collected 88 gold pieces.

Inventory:

Hand Weapons
 n - a +0 whip of freezing (weapon)
Missiles
 a - 16 poisoned darts
 e - 5 boomerangs of dispersal (quivered)
Armour
 b - a +0 robe (worn)
 o - a +0 cloak (worn)
Jewellery
 l - an amulet of magic regeneration (around neck)
Scrolls
 c - a scroll of noise {unknown}
 d - a scroll of blinking
 g - 3 scrolls of teleportation {unknown}
 h - a scroll of magic mapping {unknown}
 j - 2 scrolls of identify {unknown}
Potions
 m - a potion of cancellation
 p - a potion of curing


   Skills:
 * Level 5.0 Fighting
 + Level 4.2 Maces & Flails
 - Level 1.0 Throwing
 - Level 2.1 Dodging
 - Level 2.4 Spellcasting
 - Level 2.6 Translocations


You had 8 spell levels left.
You didn't know any spells.
Your spell library contained the following spells:

 Spells                   Type           Power      Damage    Failure   Level
 Blink                    Tloc           N/A        N/A       12%         2
 Gell's Gravitas          Tloc           4%         N/A       22%         3
 Lesser Beckoning         Tloc           4%         N/A       22%         3
 Teleport Other           Tloc           9%         N/A       22%         3
 Manifold Assault         Tloc           9%         N/A       58%         4


Dungeon Overview and Level Annotations

Branches:
Dungeon (3/15)

Altars:
Zin

Shops:
D:2 *

Annotations:
D:3 Grinder


Innate Abilities, Weirdness & Mutations

You are too large for most types of armour.
You have tough skin. (AC +1)
You are partially covered in large bone plates. (SH +4)
You passively map a small area around you.
You do not regenerate when monsters are visible.


Message History

You feel less confused.
You hit Grinder.
Grinder is lightly wounded.
Grinder gestures at you. Pain shoots through your body!
You hit Grinder.
Grinder is lightly wounded.
You hit Grinder but do no damage.
Grinder is lightly wounded.
Grinder hits you.
You closely miss Grinder.
Grinder is lightly wounded.
Grinder barely misses you.
You hit Grinder.
Grinder is moderately wounded.
You barely miss Grinder.
Grinder is moderately wounded.
Grinder barely misses you.
You barely miss Grinder.
Grinder is moderately wounded.
You closely miss Grinder.
Grinder is moderately wounded.
Grinder hits you.
You writhe in agony.
You barely miss Grinder.
Grinder is moderately wounded.
Grinder hits you but does no damage.
You hit Grinder.
Grinder is moderately wounded.
You hit Grinder but do no damage.
Grinder is moderately wounded.
Grinder hits you.
You writhe in agony.
* * * LOW HITPOINT WARNING * * *
You hit Grinder.
Grinder is heavily wounded.
You hit Grinder.
Grinder is heavily wounded.
Grinder hits you!
* * * LOW HITPOINT WARNING * * *
You writhe in agony.
You die...

...#.#.## #.# #.#
#...###.## #.# #.#
#..## ##.######## #.#
#.# ..## ##.......# #.#
#.# #..#* ##.######.#
#.# .# ##..###.## #.
#.# #.#.#.########.*
#.#
##..............#####.#
*
....>....###....@.....#
* ##†##.##.#
#..###5#####* * ##.##.#
.# # ,* #........
......# .# * *#.#######
...#####.# ,..#
.........# * ###
##.####### †..# ####


You could see Grinder.

Vanquished Creatures
  Natasha (thrice) (D:3)
  5 adders
  An ooze (D:3)
  A worm (D:2)
  A leopard gecko (D:1)
  An orc (D:3)
  A bat (D:2)
  3 giant cockroaches
  8 goblins
  9 hobgoblins
  9 jackals
  2 frilled lizards
  6 kobolds
  7 rats
57 creatures vanquished.

Notes
Turn   | Place    | Note
-------+----------+-------------------------------------------
     0 | D:1      | gruber the Ogre Warper began the quest for the Orb.
     0 | D:1      | Reached XP level 1. HP: 22/22 MP: 3/3
   348 | D:1      | Reached skill level 3 in Fighting
   435 | D:1      | Reached XP level 2. HP: 31/31 MP: 5/5
   782 | D:1      | Reached XP level 3. HP: 19/37 MP: 6/6
  2097 | D:2      | Found Zin's Purification Station.
  2100 | D:2      | Found a glowing silver altar of Zin.
  2294 | D:2      | Found a faded altar of an unknown god.
  2355 | D:2      | Reached XP level 4. HP: 30/48 MP: 7/7
  2702 | D:3      | Reached skill level 4 in Fighting
  3054 | D:3      | Noticed Natasha
  3062 | D:3      | Killed Natasha
  3068 | D:3      | Reached XP level 5. HP: 26/55 MP: 8/8
  3415 | D:3      | Noticed Natasha
  3426 | D:3      | Killed Natasha
  3475 | D:3      | Noticed Natasha
  3490 | D:3      | Killed Natasha
  3491 | D:3      | Reached skill level 5 in Fighting
  3961 | D:3      | Noticed Grinder
  3968 | D:3      | Gained mutation: You passively map a small area around you.
                  | [potion of mutation]
  3968 | D:3      | Gained mutation: You do not regenerate when monsters are
                  | visible. [potion of mutation]
  3968 | D:3      | Gained mutation: You are partially covered in large bone
                  | plates. (SH +4) [potion of mutation]
  3995 | D:3      | Slain by Grinder

Illustrated notes

Levels and vault maps discovered:
D:1:      lemuel_arrival_tunnels, layout_basic
D:2:      layout_basic, zin_purify, chequers_ecumenical_altar_simple
D:3:      layout_loops_ring, wander_ebering_terrifying_dragon_lair,
          uniq_grinder, uniq_natasha

Skill      XL: |  1  2  3  4  5 |
---------------+----------------+-----
Fighting       | 3 4 5 |  5.0
Maces & Flails | 2 3 4 |  4.2
Throwing       | |  1.0
Dodging        | |  2.1
Spellcasting   | |  2.4
Translocations | |  2.6

Action                   |  1- 3 |  4- 6 || total
-------------------------+-------+-------++-------
Melee: Mace              |   128 |     7 ||   135
       Whip              |       |   129 ||   129
  Use: Potion            |     1 |     4 ||     5
Armor: Robe              |    43 |    24 ||    67
Dodge: Dodged            |    58 |    56 ||   114

Table legend: (Time is in decaauts)
 A = Elapsed time spent in this place.
 B = Non-inter-level travel time spent in this place.
 C = Inter-level travel time spent in this place.
 D = Time resting spent in this place.
 E = Time spent auto-exploring this place.
 F = Levels seen in this place.
 G = Mean time per level.
                   A        B        C        D        E       F      G
               +--------+--------+--------+--------+--------+-----+--------+
         Total |   4020 |   3972 |     48 |      0 |   3497 |   3 | 1340.0 |
       Dungeon |   4020 |   3972 |     48 |      0 |   3497 |   3 | 1340.0 |
               +--------+--------+--------+--------+--------+-----+--------+

Top non-repeatable levels by time:
     D:2: 1465 daAuts
     D:3: 1314 daAuts
     D:1: 1240 daAuts
